Map: Dusk Towers

Players

AcerNerchio (Nerchio) - Winner!

  • Race: Zerg Zerg

speaknow (ByuN)

  • Race: Terran Terran
  • League: Platinum

Event: Gauntlet LotV Series 1 Qualifier 1

VOD

Have the link to the VOD?

Description

Time

  • Played on: Nov. 22, 2015, 7:08 p.m.
  • Length: 11:56

All games in this series

Show
View Real Time Build Order
Export as new Build Order

AcerNerchio Zerg - Winner!

Build Orders: Hatch First 

Get SALT Encoding   

  12  0:01  Drone  
  13  0:12  Overlord  
  13  0:17  Drone  
  14  0:31  Drone x2  
  14  0:35  Drone  
  17  0:54  Hatchery  
  17  0:55  Drone  
  17  0:59  Drone  
  18  1:11  Spawning Pool  
  18  1:14  Drone  
  18  1:19  Drone  
  18  1:23  Extractor  
  18  1:28  Drone  
  19  1:39  Overlord  
  19  1:58  Queen  
  19  1:59  Zergling x2  
  19  2:00  Zergling x2  
  23  2:06  Zergling x2, Queen  
  26  2:11  Drone  
  27  2:17  Drone  
  28  2:30  Drone x2  
  28  2:34  Drone  
  28  2:35  Metabolic Boost  
  30  2:38  Drone  
  31  2:45  Hatchery, Drone  
  31  2:52  Overlord  
  31  2:56  Drone  
  32  3:03  Overlord  
  32  3:08  Drone x3  
  32  3:09  Overlord  
  32  3:11  Drone  
  36  3:16  Drone x3  
  36  3:19  Drone  
  39  3:24  Drone  
  40  3:29  Roach Warren  
  40  3:30  Drone  
  40  3:31  Extractor  
  39  3:35  Drone  
  39  3:39  Queen  
  42  3:43  Drone x3  
  42  3:46  Zergling x2  
  46  3:48  Zergling x2  
  46  3:51  Zergling x2  
  46  3:52  Zergling x2  
  49  3:58  Zergling x4  
  49  4:01  Queen  
  52  4:09  Roach x2  
  56  4:10  Roach  
  56  4:11  Roach  
  56  4:13  Roach  
  56  4:16  Roach  
  64  4:19  Overlord  
  64  4:26  Drone x2  
  64  4:28  Overlord  
  66  4:33  Overlord x2  
  66  4:37  Ravager  
  61  4:46  Drone x3  
  61  4:48  Drone x2  
  61  4:51  Drone x2  
  61  4:52  Drone x2  
  66  4:54  Drone  
  66  4:55  Extractor  
  66  4:57  Evolution Chamber  
  66  4:59  Drone, Spore Crawler  
  65  5:03  Ravager x3  
  65  5:05  Drone x2  
  65  5:06  Extractor  
  69  5:10  Drone  
  70  5:15  Drone x2  
  70  5:16  Evolution Chamber  
  70  5:19  Pneumatized Carapace  
  71  5:25  Drone x5  
  76  5:29  Drone x2  
  76  5:30  Drone  
  76  5:32  Extractor x2  
  76  5:35  Drone  
  75  5:36  Drone  
  75  5:38  Drone  
  72  5:44  Drone  
  72  5:46  Zerg Missile Weapons Level 1, Drone  
  72  5:47  Drone x3  
  72  5:49  Drone  
  78  5:53  Drone  
  79  5:57  Zerg Ground Armor Level 1  
  79  5:58  Drone x4  
  79  5:59  Drone  
  79  6:00  Drone  
  85  6:06  Lair  
  85  6:08  Drone  
  85  6:09  Drone x2  
  88  6:18  Overlord  
  88  6:20  Overlord  
  88  6:22  Hatchery  
  88  6:23  Overlord  
  88  6:25  Overlord  
  87  6:32  Spore Crawler  
  86  6:38  Roach x5  
  86  6:39  Roach x2  
  100  6:41  Drone x2  
  100  6:44  Drone  
  103  6:52  Overlord x2  
  103  6:58  Roach  
  103  6:59  Roach x4  
  113  7:01  Overlord  
  113  7:06  Glial Reconstitution  
  113  7:07  Overlord  
  113  7:11  Roach  
  113  7:12  Roach x3  
  113  7:13  Overlord x4  
  121  7:21  Roach x2  
  129  7:22  Roach  
  129  7:23  Roach  
  129  7:27  Roach x4  
  129  7:29  Overlord  
  137  7:30  Overlord  
  137  7:33  Roach  
  141  7:37  Roach x3  
  141  7:39  Roach  
  147  7:44  Ravager x3  
  147  7:45  Ravager x5  
  147  7:46  Roach x2  
  147  7:48  Roach  
  147  7:51  Roach x2  
  165  7:54  Roach  
  165  7:55  Roach  
  165  7:56  Roach  
  171  8:03  Zerg Missile Weapons Level 2  
  169  8:06  Roach x2  
  169  8:08  Roach  
  169  8:11  Roach x2  
  181  8:12  Roach  
  181  8:15  Roach x2  
  181  8:17  Roach  
  181  8:18  Overlord  
  187  8:21  Overlord x2  
  187  8:23  Roach  
  189  8:31  Overlord x2  
  188  8:41  Roach x8  
  173  8:45  Roach x2  
  172  8:48  Roach  
  172  8:52  Roach x2  
  172  8:53  Roach  
  172  8:54  Roach  
  180  9:01  Roach  
  180  9:02  Roach x2  
  170  9:07  Roach x2  
  170  9:09  Roach x3  
  166  9:13  Roach  
  166  9:15  Roach x2  
  158  9:17  Roach  
  158  9:18  Roach  
  158  9:21  Roach  
  158  9:22  Roach  
  153  9:32  Overseer  
  153  9:34  Ravager x3  
  153  9:38  Drone x3  
  155  9:39  Overlord  
  155  9:40  Roach  
  155  9:41  Roach x4  
  155  9:44  Roach  
  155  9:45  Roach  
  169  9:49  Roach  
  171  9:53  Roach x2, Extractor  
  171  9:58  Roach x3  
  171  9:59  Roach  
  184  10:00  Roach  
  184  10:03  Roach x2  
  184  10:06  Queen  
  188  10:07  Roach  
  188  10:10  Roach  
  188  10:13  Ravager  
  193  10:15  Roach x2  
  193  10:18  Roach  
  199  10:22  Ravager  
  198  10:34  Roach x8  
  190  10:40  Roach x3  
  190  10:41  Roach  
  173  10:43  Roach  
  173  10:48  Roach  
  173  10:49  Roach  
  162  10:51  Roach  
  162  10:52  Roach x3  
  162  10:53  Roach  
  162  10:56  Roach  
  171  10:57  Roach  
  171  10:58  Roach  
  171  11:04  Roach x2  
  177  11:07  Roach  
  177  11:08  Roach  
  177  11:10  Extractor  
  178  11:18  Roach  
  178  11:19  Roach x5  
  178  11:20  Spore Crawler x2  
  184  11:28  Roach  
  184  11:29  Roach x2  
  184  11:31  Roach x4  
  184  11:35  Roach  
Show
View Real Time Build Order
Export as new Build Order

speaknow Terran 

Build Orders: Liberator Opening, Reaper Expand, Bio Tank, MMM Bio 

Get SALT Encoding   

  12  0:01  SCV  
  13  0:13  SCV  
  14  0:17  Supply Depot  
  14  0:25  SCV  
  15  0:39  SCV  
  15  0:40  Barracks  
  16  0:43  Refinery  
  16  0:51  SCV  
  17  1:03  SCV  
  18  1:15  SCV  
  19  1:27  Reaper  
  19  1:28  Orbital Command  
  20  1:39  Command Center  
  20  1:49  Supply Depot  
  20  1:53  SCV  
  21  1:59  Marine  
  22  2:04  Factory  
  22  2:06  SCV  
  23  2:11  Refinery  
  23  2:18  SCV  
  23  2:21  Barracks Reactor  
  24  2:31  SCV  
  25  2:43  SCV  
  26  2:50  Starport  
  26  2:51  Orbital Command  
  26  2:55  SCV  
  27  3:04  Hellion x2  
  31  3:07  SCV, Marine  
  33  3:14  Supply Depot  
  33  3:25  SCV x2, Hellion, Marine  
  33  3:26  Hellion  
  33  3:27  Medivac  
  42  3:33  Armory  
  42  3:37  SCV x2  
  44  3:41  Supply Depot  
  44  3:47  Marine  
  45  3:51  Hellion x2  
  45  3:52  Liberator  
  48  3:59  SCV x2  
  50  4:07  Barracks Tech Lab  
  53  4:12  Hellion  
  53  4:13  Hellion  
  53  4:16  Supply Depot, SCV  
  53  4:17  SCV  
  59  4:29  Marine  
  60  4:31  Supply Depot  
  60  4:34  SCV x2  
  60  4:36  Liberator  
  62  4:46  SCV x2  
  49  4:56  Siege Tank, Marine x2  
  49  4:58  SCV x2  
  59  5:04  Command Center  
  59  5:12  Barracks x2  
  59  5:14  SCV x2  
  61  5:19  Marine x2  
  63  5:31  SCV  
  63  5:32  SCV  
  63  5:33  Engineering Bay  
  63  5:34  Engineering Bay  
  65  5:43  Siege Tank  
  65  5:44  Starport Reactor  
  65  5:49  SCV x2  
  66  5:50  Supply Depot  
  66  5:52  Refinery, Barracks x2  
  66  5:53  Barracks Tech Lab, Refinery  
  66  6:03  Barracks Reactor  
  66  6:04  SCV x2  
  66  6:09  Terran Infantry Weapons Level 1  
  66  6:10  Supply Depot  
  68  6:11  Supply Depot  
  68  6:12  Terran Infantry Armor Level 1, Marine  
  68  6:15  Marine  
  68  6:16  Orbital Command, Marine  
  72  6:20  SCV x2  
  72  6:25  Stimpack  
  73  6:30  Marine  
  74  6:33  Supply Depot, Marine x2  
  74  6:35  Supply Depot  
  76  6:42  Barracks Tech Lab  
  76  6:44  Barracks Reactor  
  76  6:46  Marine  
  76  6:47  Marine  
  76  6:48  Orbital Command  
  76  6:51  Siege Tank  
  81  6:55  Marine x2  
  81  6:56  Marine  
  81  6:59  Supply Depot  
  81  7:01  Medivac x2  
  88  7:02  Supply Depot  
  88  7:06  SCV x2  
  90  7:17  SCV  
  90  7:18  SCV, Missile Turret  
  90  7:19  SCV, Marine x4  
  90  7:20  Marauder  
  90  7:21  Marauder  
  101  7:22  Armory  
  101  7:24  Supply Depot  
  101  7:26  Supply Depot  
  101  7:29  SCV  
  102  7:30  SCV  
  102  7:31  SCV  
  102  7:34  Medivac x2  
  108  7:39  Refinery  
  108  7:41  SCV  
  108  7:43  SCV x2, Refinery  
  111  7:45  Supply Depot x2  
  111  7:50  Marauder x2  
  115  7:53  SCV  
  115  7:55  SCV x2, Marine x5  
  115  7:58  Combat Shields  
  123  8:02  Supply Depot  
  124  8:05  SCV  
  124  8:07  SCV  
  124  8:12  Marine, Marauder x2  
  127  8:13  Marine x2  
  127  8:14  Marine x2  
  131  8:25  Siege Tank  
  131  8:26  Medivac x2  
  138  8:32  Marine x3  
  138  8:33  Marauder x2  
  145  8:40  Marine  
  145  8:41  Marine x2  
  131  8:49  Marine  
  131  8:50  Marine x2  
  131  8:51  SCV x2  
  131  8:54  Marauder  
  131  8:55  Medivac, Marauder  
  132  8:56  Concussive Shells, Medivac  
  131  9:05  Orbital Command  
  119  9:10  Marine x2  
  119  9:11  Marine  
  119  9:14  Marine x2  
  119  9:15  Marine  
  119  9:16  Marauder x2  
  112  9:21  SCV x2  
  109  9:25  Terran Infantry Weapons Level 2  
  109  9:28  Marine x2  
  109  9:34  Terran Infantry Armor Level 2  
  109  9:37  SCV x2, Marauder x2  
  109  9:38  SCV  
  116  9:41  Marine x2  
  118  9:52  Siege Tank  
  118  9:59  Marauder x2, Missile Turret, Marine x4  
  126  10:06  Marine  
  124  10:07  Medivac  
  124  10:12  Bunker x2  
  126  10:16  Refinery, Marine  
  126  10:17  Medivac  
  126  10:20  Marauder x2  
  133  10:25  Marine x3  
  133  10:26  Marine  
  135  10:30  Marine  
  135  10:34  Marine  
  118  10:41  Marauder  
  118  10:42  Marine, Marauder  
  106  10:43  Marine  
  106  10:44  Marine x2  
  106  10:48  SCV x3, Marine  
  94  10:52  Marine  
  82  11:00  Siege Tank, Marine x2  
  82  11:02  Marine  
  82  11:03  Marauder x2  
  86  11:15  Marine x3  
  86  11:18  Marine  
  94  11:24  Marauder  
  94  11:25  Marauder  
  93  11:28  Marine x2  
  87  11:32  Marine  
  87  11:34  Marine  
  87  11:37  Marine  
Tags
 
Add a new tag
Caveats
  • Supply blocks, unpowered buildings, or Contaminate may cause inaccurate times.
  • Supply counts are checked every 10 seconds.